 Dungeon Sprint DCSS version 0.16-a0-3807-g3748f16 (console) character file.

2273 Monkaria the Fencer (level 9, -13/124 HPs)
             Began as a Hill Orc Fighter on Jan 27, 2015.
             Was a High Priest of Makhleb.
             Mangled by a boulder beetle (34 damage)
             ... in the Dungeon (Sprint IX: "|||||||||||||||||||||||||||||").
             The game lasted 00:02:21 (763 turns).

Monkaria the Fencer (Hill Orc Fighter)               Turns: 763, Time: 00:02:21

Health: -13/124    AC: 11    Str: 30    XL:     9   Next: 38%
Magic:  25/25      EV:  6    Int:  8    God:    Makhleb [*****.]
Gold:   0          SH: 10    Dex: 13    Spells: 0 memorised, 8 levels left

rFire  . . .     SeeInvis .     q - +2 scimitar (holy)
rCold  . . .     Clarity  .     s - +1 chain mail
rNeg   . . .     SustAb   .     c - +0 shield
rPois  .         Gourm    .     (no helmet)
rElec  .         Spirit   .     r - +0 cloak
rCorr  .         Warding  .     (no gloves)
rMut   .         NoTele   +     (no boots)
MR     .....                    (no amulet)
Stlth  ..........               u - +3 ring of strength
                                t - +3 ring of dexterity

@: berserking (expiring), very quick, not resistant to hostile enchantments,
extremely unstealthy
A: no striking features
a: Minor Destruction, Lesser Servant of Makhleb, Major Destruction, Greater
Servant of Makhleb, Renounce Religion


You were in the Dungeon.
You worshipped Makhleb.
Makhleb was extremely pleased with you.
You were not hungry.

You visited 1 branch

Inventory:

Hand weapons
 q - a +2 scimitar of holy wrath (weapon)
Armour
 c - a +0 shield (worn)
 r - a +0 cloak (worn)
 s - a +1 chain mail (worn)
Jewellery
 t - a +3 ring of dexterity (left hand)
 u - a +3 ring of strength (right hand)
Magical devices
 p - a wand of draining (4)
Scrolls
 k - 2 scrolls of blinking
 n - 3 scrolls of remove curse
 o - 2 scrolls of amnesia
 v - a scroll of fear
 w - 3 scrolls of fog
 x - 2 scrolls of identify
Potions
 b - 2 potions of brilliance
 e - a potion of might
 f - 6 potions of curing
 g - 3 potions of heal wounds
 h - a potion of haste
 i - 4 potions of magic
 l - a potion of agility
 m - a potion of invisibility
Comestibles
 a - a chunk of flesh
 d - a meat ration


   Skills:
 - Level 9.2 Fighting
 - Level 17.1 Long Blades
 - Level 3.2 Armour
 - Level 3.2 Shields
 + Level 13.0 Invocations


You had 8 spell levels left.
You didn't know any spells.

Dungeon Overview and Level Annotations

Branches:
Dungeon (1/1)

Altars:
Cheibriados
Dithmenos
Elyvilon
Fedhas
Gozag
Kikubaaqudgha
Makhleb
Nemelex Xobeh
Okawaru
Qazlal
Ru
Sif Muna
Trog
Vehumet
Xom
Yredelemnul
Zin
The Shining One
Beogh
Jiyva
Lugonu


Message History

You hit the boulder beetle.
The boulder beetle is heavily wounded.
You hit the boulder beetle but do no damage.
The boulder beetle is heavily wounded.
The river rat twitches its whiskers.
The boulder beetle bites you!!
* * * LOW HITPOINT WARNING * * *
You hit the boulder beetle.
The boulder beetle is heavily wounded.
You slash the boulder beetle!
The boulder beetle is heavily wounded.
The boulder beetle curls into a ball and starts rolling!
The boulder beetle smashes into the yak!
The boulder beetle stops rolling.
You hit the boulder beetle but do no damage.
The boulder beetle is heavily wounded.
You completely miss the boulder beetle.
The boulder beetle is heavily wounded.
The boulder beetle bites you!!
You die...

▓▓▓▓▓▓▓▓▓▓▓▓▓▓▓▓▓▓▓▓▓▓▓▓▓▓▓▓▓▓▓▓▓
.[.)|..'_____________________'...
▓▓▓▓▓▓▓▓▓▓▓▓▓▓▓▓▓▓▓▓▓▓▓▓▓▓▓▓▓▓▓▓▓
.................................
▓▓▓▓▓▓▓▓▓▓▓▓▓▓▓▓▓▓▓▓▓▓▓▓▓▓▓▓▓▓▓▓▓
YBYlFSrB@.......††.....()
▓▓▓▓▓▓▓▓▓▓▓▓▓▓▓▓▓▓▓▓▓▓▓▓▓


You could see 2 boulder beetles, 2 yaks, a spiny frog, a basilisk, a water
moccasin and a river rat.

Vanquished Creatures
  An unseen horror (D)
  2 spiny frogs (D)
  A komodo dragon (D)
  2 hippogriffs (D)
  A water moccasin (D)
  A porcupine (D)
  An ogre (D)
  A centaur (D)
  2 hounds (D)
  3 iguanas (D)
  An orc wizard (D)
  2 adders (D)
  An orc (D)
  A giant cockroach (D)
  2 goblins (D)
  A hobgoblin (D)
  2 quokkas (D)
  A bat (D)
  A giant newt (D)
  3 rats (D)
30 creatures vanquished.

Vanquished Creatures (others)
  A deep elf mage (D)
  An adder (D)
2 creatures vanquished.

Grand Total: 32 creatures vanquished

Notes
Turn   | Place    | Note
--------------------------------------------------------------
     0 | D        | Monkaria, the Hill Orc Fighter, began the quest for the Orb.
     0 | D        | Reached XP level 1. HP: 19/19 MP: 1/1
    14 | D        | Reached skill level 4 in Fighting
    29 | D        | Noticed a hound
    29 | D        | Noticed an iguana
    37 | D        | Killed an iguana
    37 | D        | Reached skill level 5 in Fighting
    37 | D        | Reached skill level 5 in Long Blades
    37 | D        | Reached XP level 2. HP: 22/29 MP: 2/2
    37 | D        | Reached XP level 3. HP: 27/36 MP: 3/3
    43 | D        | Reached skill level 6 in Long Blades
    50 | D        | Killed a hound
    50 | D        | Reached skill level 7 in Long Blades
    50 | D        | Reached XP level 4. HP: 24/45 MP: 4/4
    58 | D        | Found a glowing silver altar of Zin.
    58 | D        | Found a glowing golden altar of the Shining One.
    58 | D        | Found an ancient bone altar of Kikubaaqudgha.
    58 | D        | Found a basalt altar of Yredelemnul.
    58 | D        | Found a shimmering altar of Xom.
    58 | D        | Found a radiant altar of Vehumet.
    58 | D        | Found an iron altar of Okawaru.
    59 | D        | Found a burning altar of Makhleb.
    60 | D        | Found a deep blue altar of Sif Muna.
    61 | D        | Found a bloodstained altar of Trog.
    62 | D        | Found a sparkling altar of Nemelex Xobeh.
    63 | D        | Found a white marble altar of Elyvilon.
    64 | D        | Found a roughly hewn altar of Beogh.
    65 | D        | Found a viscous altar of Jiyva.
    66 | D        | Found a corrupted altar of Lugonu.
    67 | D        | Found a blossoming altar of Fedhas.
    68 | D        | Found a snail-covered altar of Cheibriados.
    69 | D        | Found a shadowy altar of Dithmenos.
    70 | D        | Found a stormy altar of Qazlal.
    74 | D        | Became a worshipper of Makhleb the Destroyer
    78 | D        | Found an opulent altar of Gozag.
    79 | D        | Found a sacrificial altar of Ru.
   192 | D        | Noticed a centaur
   192 | D        | Noticed a hound
   192 | D        | Noticed a deep elf mage
   196 | D        | Acquired Makhleb's first power
   200 | D        | Killed a deep elf mage
   200 | D        | Reached skill level 9 in Fighting
   200 | D        | Reached skill level 10 in Long Blades
   200 | D        | Reached XP level 5. HP: 31/57 MP: 5/5
   208 | D        | Killed a hound
   208 | D        | Reached XP level 6. HP: 32/63 MP: 6/6
   212 | D        | Killed a centaur
   212 | D        | Reached skill level 12 in Long Blades
   213 | D        | Acquired Makhleb's second power
   383 | D        | Noticed an iguana
   383 | D        | Noticed a hippogriff
   383 | D        | Noticed an orc wizard
   383 | D        | Noticed an ogre
   389 | D        | Killed an ogre
   389 | D        | Reached skill level 13 in Long Blades
   400 | D        | Killed an orc wizard
   400 | D        | Acquired Makhleb's third power
   400 | D        | Killed a hippogriff
   400 | D        | Reached skill level 14 in Long Blades
   400 | D        | Reached XP level 7. HP: 20/70 MP: 7/7
   400 | D        | Killed an iguana
   414 | D        | Killed an unseen horror
   414 | D        | Acquired Makhleb's fourth power
   414 | D        | Reached skill level 16 in Long Blades
   414 | D        | Reached XP level 8. HP: 52/78 MP: 8/8
   631 | D        | Noticed an iguana
   631 | D        | Noticed a komodo dragon
   631 | D        | Noticed a spiny frog
   631 | D        | Noticed a hippogriff
   631 | D        | Noticed a water moccasin
   631 | D        | Noticed a porcupine
   634 | D        | Killed a porcupine
   634 | D        | Reached skill level 17 in Long Blades
   636 | D        | Noticed a spiny frog
   638 | D        | Killed a water moccasin
   642 | D        | Killed a hippogriff
   642 | D        | Acquired Makhleb's fifth power
   650 | D        | Killed a spiny frog
   650 | D        | Reached XP level 9. HP: 83/83 MP: 9/22
   655 | D        | Killed a komodo dragon
   659 | D        | Killed an iguana
   669 | D        | Killed a spiny frog
   746 | D        | Noticed a yak
   746 | D        | Noticed a basilisk
   746 | D        | Noticed a spiny frog
   746 | D        | Noticed a water moccasin
   746 | D        | Noticed a boulder beetle
   749 | D        | Noticed a boulder beetle
   752 | D        | Noticed a yak
   763 | D        | Mangled by a boulder beetle

Action                   |  1- 3 |  4- 6 |  7- 9 || total
-------------------------+-------+-------+-------++-------
Melee: Long sword        |    39 |       |       ||    39
       Scimitar          |       |    31 |    61 ||    92
Evoke: Wand              |       |     2 |     1 ||     3
  Use: Potion            |       |     1 |     2 ||     3
